Canadiens vs Stars

Created - 3 décembre 2023 at 19:29

Goals
1 2 3 OT1 T
Canadiens 0 1 0 1 2
Stars 0 1 0 0 1
Shots
1 2 3 OT1 T
Canadiens 12 10 5 1 28
Stars 13 7 6 1 27

GoalsPenalties
1st period
No Goal
Joe Pavelski (DAL) for Fighting (Major) at 0:05
Max Domi (MTL) for Fighting (Major) at 0:05
2nd period
1. Canadiens , Elias Lindholm 17 (Ryan Nugent-Hopkins 20) at 6:44
2. Stars , Calle Jarnkrok 14 (Jordan Staal 25, Conor Sheary 14) at 10:48
Mark Giordano (DAL) for Roughing (Minor) at 1:35
Juuso Valimaki (MTL) for Holding (Minor) at 12:39
Jamie Benn (DAL) for Hooking (Minor) at 17:31
3rd period
No Goal
Matthew Tkachuk (MTL) for Cross-checking (Minor) at 3:23
Jordan Staal (DAL) for Goalie Interference (Minor) at 12:00
Overtime #1
3. Canadiens , Elias Lindholm 18 (Brandon Hagel 18, Zach Werenski 7) at 0:16
No Penalty
Goalie Stats
Linus Ullmark (MTL), 26 saves from 27 shots - (0,963), W, 19-13-4, 60:16 minutes
Philipp Grubauer (DAL), 26 saves from 28 shots - (0,929), OTL, 17-8-8, 60:16 minutes
3 StarsOfficial
1 - Elias Lindholm (MTL)
2 - Linus Ullmark (MTL)
3 - Ryan Nugent-Hopkins (MTL)
Referees : Michael Markovic and Peter MacDougall
Linesman : Jean-Luc Grand-Pierre and Justine Todd
Game Note
Joe Pavelski beats up Max Domi at 0:05 of 1st period
Finance
Level 1 -- Attendance: 6150 (100%) -- Ticket Income $553,500
Level 2 -- Attendance: 4812 (93%) -- Ticket Income $240,600
Level 3 -- Attendance: 2134 (75%) -- Ticket Income $85,360
Level 4 -- Attendance: 4056 (94%) -- Ticket Income $60,840
Luxury Box -- Attendance: 1050 (100%) -- Ticket Income $189,000
Game was played at the American Airlines Center.
Total Attendance: 18202 (93%)
Total Ticket Income: $1,129,300
Other Income: $338,790
Total Income: $1,468,090



Team Name Goals Shots Shots Attemp Shots Blocked PIM HIT PP PK FO%
Canadiens 2284839290 / 3 (0%)042%
Stars 12744611100 / 2 (0%)058%

Canadiens
Player Name POS G A P +/- PIM HIT SHT SB MP PP MP PP SHT PK MP PK SHT FO% FOT GA TA
Andrew MangiapaneLW/RW0001021020:332:2700:090100% 111
Blake ColemanLW/RW0000042011:550:0000:0000% 001
Brandon HagelLW0110011016:310:0002:0000% 001
Elias LindholmC2022024022:093:3000:35046% 3521
Jake WalmanD0000000013:280:0000:5300% 000
Jonas SiegenthalerD000000000:000:0000:0000% 000
Justin FaulkD0000011227:153:4512:3800% 000
Juuso ValimakiD0000231125:483:4501:0900% 000
K'Andre MillerD0000015019:522:1201:0200% 000
Mathew BarzalC/RW0000000013:260:0000:00020% 500
Matias MaccelliLW000001006:470:0000:0000% 100
Matt DucheneC/RW000-1010017:072:2700:00058% 1210
Matthew TkachukRW000-1246021:453:3000:0000% 000
Max DomiC/LW0001514020:192:2701:3900% 201
Noel AcciariC/RW000001109:060:0001:2300% 100
Ryan Nugent-HopkinsC/LW0110040016:513:3002:1000% 300
Vladislav GavrikovD0000032020:462:1201:5600% 000
Zach WerenskiD0111000013:090:0000:1800% 001
Stars
Player Name POS G A P +/- PIM HIT SHT SB MP PP MP PP SHT PK MP PK SHT FO% FOT GA TA
Calle JarnkrokLW/RW101-1003118:042:0000:5200% 000
Conor ShearyLW/RW0110010017:261:5800:000100% 100
Dmitry KulikovD0000011216:270:0003:0100% 011
Evgenii DadonovLW/RW0000002018:422:0600:0000% 001
Jamie BennC/LW0000224018:552:0001:00057% 2310
Jaycob MegnaD0000012013:430:0000:0000% 010
Joe PavelskiC/RW0000500016:582:0000:0200% 000
Joel ArmiaLW/RW0000003111:480:0000:0000% 000
Jordan MartinookLW/RW0000011014:540:0003:240100% 200
Jordan StaalC/LW0110200118:561:5802:25046% 2400
Kris LetangD0000001124:061:5203:0200% 011
Liam O'BrienLW000000108:180:0000:1500% 000
Mark GiordanoD000-1211021:332:0601:5800% 000
Nick BjugstadC/RW0000003015:031:5801:26083% 601
Nick BoninoC/LW000-1012010:590:0002:30075% 400
Ryan SuterD000-1010020:310:0003:2700% 010
Shayne GostisbehereD0001012021:261:5200:2600% 010
Tyler PitlickRW000000106:580:0000:0000% 000

Canadiens

5 vs 5 Forward
Line #Left WingCenterRight WingPHYDFOFWanted %Time %Time Play
1Max DomiElias LindholmAndrew Mangiapane1224736%17:52
2Brandon HagelMatt DucheneMatthew Tkachuk1223131%15:23
3Ryan Nugent-HopkinsMathew BarzalBlake Coleman1221821%10:19
4Matias MaccelliNoel AcciariMatthew Tkachuk122413%6:31
5 vs 5 Defense
Line #DefenseDefensePHYDFOFWanted %Time %Time Play
1Justin FaulkJuuso Valimaki1224041%20:27
2K'Andre MillerVladislav Gavrikov1223234%17:14
3Jake WalmanZach Werenski1222323%11:33
4Justin FaulkJuuso Valimaki12252%0:51
Power Play Forward
Line #Left WingCenterRight WingPHYDFOFWanted %Time %Time Play
1Ryan Nugent-HopkinsElias LindholmMatthew Tkachuk1137059%3:30
2Andrew MangiapaneMax DomiMatt Duchene0143041%2:27
Power Play Defense
Line #DefenseDefensePHYDFOFWanted %Time %Time Play
1Justin FaulkJuuso Valimaki1136563%3:45
2K'Andre MillerVladislav Gavrikov1133537%2:12
Penalty Kill 4 Players Forward
Line #CenterWingPHYDFOFWanted %Time %Time Play
1Ryan Nugent-HopkinsBrandon Hagel13165100%3:58
2Elias LindholmNoel Acciari131350%0:00
Penalty Kill 4 Players Defense
Line #DefenseDefensePHYDFOFWanted %Time %Time Play
1Justin FaulkJuuso Valimaki1316574%2:56
2K'Andre MillerVladislav Gavrikov1313526%1:02
Penalty Kill 3 Players
Line #WingPHYDFOFWanted %Time %Time PlayDefenseDefensePHYDFOFWanted %Time %Time Play
1Elias Lindholm140580%0:00 K'Andre MillerJuuso Valimaki140600%0:00
2Brandon Hagel140420%0:00 Jake WalmanVladislav Gavrikov140400%0:00
4 vs 4 Forward
Line #CenterWingPHYDFOFWanted %Time %Time Play
1Ryan Nugent-HopkinsMax Domi122600%0:00
2Elias LindholmAndrew Mangiapane122400%0:00
4 vs 4 Defense
Line #DefensePHYDFOFWanted %Time %Time Play
1Zach WerenskiJuuso Valimaki122650%0:00
2K'Andre MillerVladislav Gavrikov122350%0:00
Last Minutes Offensive
Left WingCenterRight WingDefenseDefense
Brandon HagelRyan Nugent-HopkinsMatthew TkachukJustin FaulkJuuso Valimaki
Last Minutes Defensive
Left WingCenterRight WingDefenseDefense
Ryan Nugent-HopkinsNoel AcciariBlake ColemanK'Andre MillerJuuso Valimaki
Time
Total ForwardTotal DefenseLast Minutes OffensiveLast Minutes Defensive
60:00 60:00 0:000:00
Extra Forwards
Normal PowerPlayPenalty Kill
Matt Duchene, Andrew Mangiapane, Mathew BarzalMatt Duchene, Andrew MangiapaneNoel Acciari
Extra Defensemen
Normal PowerPlayPenalty Kill
Vladislav Gavrikov, Jake Walman, Zach WerenskiVladislav Gavrikov, Vladislav GavrikovJake Walman
Penalty Shots
Matthew Tkachuk, Ryan Nugent-Hopkins, Elias Lindholm, Brandon Hagel, Matt Duchene
Goalie
Linus Ullmark, Ukko-Pekka Luukkonen
Scratches
None

Stars

5 vs 5 Forward
Line #Left WingCenterRight WingPHYDFOFWanted %Time %Time Play
1Evgenii DadonovJamie BennJoe Pavelski0233633%16:27
2Conor ShearyJordan StaalCalle Jarnkrok0233430%15:12
3Joel ArmiaNick BjugstadJordan Martinook0412523%11:28
4Liam O'BrienNick BoninoTyler Pitlick140514%6:58
5 vs 5 Defense
Line #DefenseDefensePHYDFOFWanted %Time %Time Play
1Kris LetangShayne Gostisbehere0323839%19:28
2Mark GiordanoRyan Suter0503536%18:06
3Jaycob MegnaDmitry Kulikov1402725%12:31
4Kris LetangMark Giordano14000%0:00
Power Play Forward
Line #Left WingCenterRight WingPHYDFOFWanted %Time %Time Play
1Calle JarnkrokJamie BennJoe Pavelski0145550%2:00
2Conor ShearyJordan StaalNick Bjugstad0144550%1:58
Power Play Defense
Line #DefenseDefensePHYDFOFWanted %Time %Time Play
1Kris LetangShayne Gostisbehere1225047%1:52
2Mark GiordanoEvgenii Dadonov1225053%2:06
Penalty Kill 4 Players Forward
Line #CenterWingPHYDFOFWanted %Time %Time Play
1Jordan StaalJordan Martinook1405576%4:31
2Nick BoninoNick Bjugstad1404524%1:26
Penalty Kill 4 Players Defense
Line #DefenseDefensePHYDFOFWanted %Time %Time Play
1Kris LetangMark Giordano1405051%3:02
2Ryan SuterDmitry Kulikov1405049%2:55
Penalty Kill 3 Players
Line #WingPHYDFOFWanted %Time %Time PlayDefenseDefensePHYDFOFWanted %Time %Time Play
1Jordan Staal050550%0:00 Kris LetangMark Giordano140500%0:00
2Nick Bonino050450%0:00 Ryan SuterDmitry Kulikov140500%0:00
4 vs 4 Forward
Line #CenterWingPHYDFOFWanted %Time %Time Play
1Jamie BennJordan Staal122500%0:00
2Joe PavelskiConor Sheary122500%0:00
4 vs 4 Defense
Line #DefensePHYDFOFWanted %Time %Time Play
1Kris LetangMark Giordano131550%0:00
2Shayne GostisbehereRyan Suter131450%0:00
Last Minutes Offensive
Left WingCenterRight WingDefenseDefense
Jordan StaalJamie BennJoe PavelskiKris LetangShayne Gostisbehere
Last Minutes Defensive
Left WingCenterRight WingDefenseDefense
Nick BoninoJordan StaalJordan MartinookRyan SuterMark Giordano
Time
Total ForwardTotal DefenseLast Minutes OffensiveLast Minutes Defensive
60:00 60:00 0:000:00
Extra Forwards
Normal PowerPlayPenalty Kill
Conor Sheary, Evgenii Dadonov, Calle JarnkrokJoe Pavelski, Nick BjugstadJamie Benn
Extra Defensemen
Normal PowerPlayPenalty Kill
Jaycob Megna, Kris Letang, Mark GiordanoDmitry Kulikov, Ryan SuterShayne Gostisbehere
Penalty Shots
Jamie Benn, Joe Pavelski, Shayne Gostisbehere, Conor Sheary, Kris Letang
Goalie
Philipp Grubauer, Thomas Greiss
Scratches
None


Play-by-Play

1st period


0:01 of 1st period - Elias Lindholm wins face-off versus Jamie Benn in neutral zone.
0:05 of 1st period - Joe Pavelski beats up Max Domi.
0:05 of 1st period - Penalty to Joe Pavelski for Fighting.
0:05 of 1st period - Penalty to Max Domi for Fighting.
0:06 of 1st period - Matt Duchene wins face-off versus Jordan Staal in Stars zone.
0:19 of 1st period - Slapshot by Matthew Tkachuk.
0:19 of 1st period - Stopped by Philipp Grubauer without a rebound.
0:20 of 1st period - Nick Bjugstad wins face-off versus Mathew Barzal in Stars zone.
0:28 of 1st period - Wrist shot by Joel Armia.
0:28 of 1st period - Stopped by Linus Ullmark without a rebound.
0:29 of 1st period - Nick Bjugstad wins face-off versus Mathew Barzal in Canadiens zone.
0:34 of 1st period - Snap shot by Jordan Martinook.
0:34 of 1st period - Shot Misses the Net.
0:36 of 1st period - Slapshot by Jaycob Megna.
0:36 of 1st period - Deflect By Joel Armia.
0:36 of 1st period - Stopped by Linus Ullmark without a rebound.
0:37 of 1st period - Conor Sheary wins face-off versus Elias Lindholm in Canadiens zone.
0:42 of 1st period - Wrist shot by Jamie Benn.
0:42 of 1st period - Stopped by Linus Ullmark with a rebound.
1:04 of 1st period - Kris Letang is hit by Matias Maccelli and loses puck.
1:47 of 1st period - Shayne Gostisbehere is hit by Matthew Tkachuk and loses puck.
1:54 of 1st period - Joel Armia is hit by Matthew Tkachuk and loses puck.
2:03 of 1st period - Nick Bjugstad is hit by Elias Lindholm and loses puck.
2:34 of 1st period - Snap shot by Joel Armia.
2:34 of 1st period - Stopped by Linus Ullmark without a rebound.
2:35 of 1st period - Jordan Staal wins face-off versus Elias Lindholm in Canadiens zone.
2:40 of 1st period - Snap shot by Conor Sheary.
2:40 of 1st period - Shot Misses the Net.
2:45 of 1st period - Off-side.
2:46 of 1st period - Jamie Benn wins face-off versus Elias Lindholm in neutral zone.
2:49 of 1st period - Andrew Mangiapane is hit by Jamie Benn.
2:57 of 1st period - Jaycob Megna is hit by Andrew Mangiapane and loses puck.
4:10 of 1st period - Slapshot by K'Andre Miller.
4:10 of 1st period - Stopped by Philipp Grubauer without a rebound.
4:11 of 1st period - Jamie Benn wins face-off versus Matias Maccelli in Stars zone.
4:29 of 1st period - Icing by Noel Acciari.
4:30 of 1st period - Nick Bonino wins face-off versus Noel Acciari in Canadiens zone.
4:47 of 1st period - Slapshot by K'Andre Miller.
4:47 of 1st period - Deflect By Dmitry Kulikov.
4:47 of 1st period - Stopped by Philipp Grubauer with a rebound.
4:59 of 1st period - Wrist shot by Matthew Tkachuk.
4:59 of 1st period - Shot Misses the Net.
5:03 of 1st period - Snap shot by Matthew Tkachuk.
5:03 of 1st period - Shot Misses the Net.
5:07 of 1st period - Wrist shot by Matthew Tkachuk.
5:07 of 1st period - Stopped by Philipp Grubauer with a rebound.
5:09 of 1st period - Snap shot by K'Andre Miller.
5:09 of 1st period - Stopped by Philipp Grubauer with a rebound.
5:11 of 1st period - Wrist shot by Matthew Tkachuk.
5:11 of 1st period - Shot Blocked by Dmitry Kulikov.
5:17 of 1st period - Wrist shot by Matthew Tkachuk.
5:17 of 1st period - Shot Misses the Net.
5:19 of 1st period - Snap shot by K'Andre Miller.
5:19 of 1st period - Shot Misses the Net.
5:21 of 1st period - Snap shot by Noel Acciari.
5:21 of 1st period - Stopped by Philipp Grubauer without a rebound.
5:22 of 1st period - Elias Lindholm wins face-off versus Jordan Staal in Stars zone.
5:28 of 1st period - Off-side.
5:29 of 1st period - Andrew Mangiapane wins face-off versus Jordan Staal in neutral zone.
5:46 of 1st period - Slapshot by Max Domi.
5:46 of 1st period - Stopped by Philipp Grubauer with a rebound.
6:14 of 1st period - Snap shot by Conor Sheary.
6:14 of 1st period - Shot Misses the Net.
6:16 of 1st period - Slapshot by Calle Jarnkrok.
6:16 of 1st period - Stopped by Linus Ullmark without a rebound.
6:17 of 1st period - Jamie Benn wins face-off versus Matt Duchene in Canadiens zone.
6:18 of 1st period - Snap shot by Joe Pavelski.
6:18 of 1st period - Shot Misses the Net.
7:36 of 1st period - Snap shot by Max Domi.
7:36 of 1st period - Stopped by Philipp Grubauer with a rebound.
8:11 of 1st period - Nick Bonino is hit by Ryan Nugent-Hopkins and loses puck.
8:20 of 1st period - Slapshot by Shayne Gostisbehere.
8:20 of 1st period - Deflect By Ryan Nugent-Hopkins.
8:20 of 1st period - Stopped by Linus Ullmark without a rebound.
8:21 of 1st period - Jamie Benn wins face-off versus Elias Lindholm in Canadiens zone.
8:36 of 1st period - Jamie Benn is hit by Max Domi.
8:52 of 1st period - Calle Jarnkrok is hit by Blake Coleman and loses puck.
9:44 of 1st period - Backhand shot by Nick Bonino.
9:44 of 1st period - Stopped by Linus Ullmark without a rebound.
9:45 of 1st period - Matt Duchene wins face-off versus Nick Bonino in Canadiens zone.
9:58 of 1st period - Wrist shot by Tyler Pitlick.
9:58 of 1st period - Stopped by Linus Ullmark with a rebound.
10:00 of 1st period - Slapshot by Nick Bonino.
10:00 of 1st period - Shot Misses the Net.
10:02 of 1st period - Wrist shot by Liam O'Brien.
10:02 of 1st period - Stopped by Linus Ullmark with a rebound.
10:04 of 1st period - Slapshot by Nick Bonino.
10:04 of 1st period - Stopped by Linus Ullmark with a rebound.
10:06 of 1st period - Wrist shot by Mark Giordano.
10:06 of 1st period - Stopped by Linus Ullmark without a rebound.
10:07 of 1st period - Elias Lindholm wins face-off versus Jamie Benn in Canadiens zone.
10:33 of 1st period - Snap shot by Matthew Tkachuk.
10:33 of 1st period - Stopped by Philipp Grubauer with a rebound.
10:51 of 1st period - Slapshot by Jamie Benn.
10:51 of 1st period - Deflect By Joe Pavelski.
10:51 of 1st period - Shot Misses the Net.
10:51 of 1st period - Puck is out of play.
10:52 of 1st period - Jordan Staal wins face-off versus Elias Lindholm in Canadiens zone.
11:44 of 1st period - Liam O'Brien is hit by Justin Faulk and loses puck.
12:15 of 1st period - Slapshot by Joe Pavelski.
12:15 of 1st period - Shot Misses the Net.
12:17 of 1st period - Slapshot by Evgenii Dadonov.
12:17 of 1st period - Shot Misses the Net.
12:33 of 1st period - Slapshot by K'Andre Miller.
12:33 of 1st period - Shot Misses the Net.
12:49 of 1st period - Slapshot by Nick Bjugstad.
12:49 of 1st period - Stopped by Linus Ullmark without a rebound.
12:50 of 1st period - Mathew Barzal wins face-off versus Nick Bjugstad in Canadiens zone.
13:14 of 1st period - Icing by Dmitry Kulikov.
13:15 of 1st period - Nick Bjugstad wins face-off versus Elias Lindholm in Stars zone.
13:35 of 1st period - Icing by Dmitry Kulikov.
13:36 of 1st period - Matt Duchene wins face-off versus Jordan Staal in Stars zone.
13:54 of 1st period - Off-side.
13:55 of 1st period - Elias Lindholm wins face-off versus Jamie Benn in neutral zone.
14:29 of 1st period - Wrist shot by Brandon Hagel.
14:29 of 1st period - Shot Misses the Net.
14:31 of 1st period - Snap shot by Brandon Hagel.
14:31 of 1st period - Stopped by Philipp Grubauer without a rebound.
14:32 of 1st period - Matt Duchene wins face-off versus Jordan Staal in Stars zone.
15:03 of 1st period - Wrist shot by Blake Coleman.
15:03 of 1st period - Stopped by Philipp Grubauer without a rebound.
15:04 of 1st period - Jamie Benn wins face-off versus Mathew Barzal in Stars zone.
15:04 of 1st period - Jamie Benn is hit by Blake Coleman.
15:17 of 1st period - Off-side.
15:18 of 1st period - Elias Lindholm wins face-off versus Jamie Benn in neutral zone.
16:10 of 1st period - Snap shot by Jordan Martinook.
16:10 of 1st period - Stopped by Linus Ullmark with a rebound.
16:12 of 1st period - Snap shot by Nick Bjugstad.
16:12 of 1st period - Shot Misses the Net.
17:12 of 1st period - Snap shot by Elias Lindholm.
17:12 of 1st period - Deflect By Andrew Mangiapane.
17:12 of 1st period - Stopped by Philipp Grubauer with a rebound.
18:24 of 1st period - Jamie Benn is hit by Matthew Tkachuk and loses puck.
19:00 of 1st period - Nick Bjugstad is hit by Elias Lindholm and loses puck.
19:16 of 1st period - Nick Bonino is hit by Matt Duchene and loses puck.
19:35 of 1st period - Evgenii Dadonov is hit by Blake Coleman and loses puck.
Goals for this period are 0 for Canadiens vs 0 for Stars.
Shots for this period are 12 for Canadiens vs 13 for Stars.

2nd period


0:01 of 2nd period - Elias Lindholm wins face-off versus Jamie Benn in neutral zone.
0:06 of 2nd period - Snap shot by Andrew Mangiapane.
0:06 of 2nd period - Shot Misses the Net.
0:08 of 2nd period - Slapshot by Justin Faulk.
0:08 of 2nd period - Shot Blocked by Dmitry Kulikov.
0:52 of 2nd period - Slapshot by Mathew Barzal.
0:52 of 2nd period - Shot Misses the Net.
1:14 of 2nd period - Snap shot by Elias Lindholm.
1:14 of 2nd period - Deflect By Max Domi.
1:14 of 2nd period - Shot Hit the Post.
1:14 of 2nd period - Puck is out of play.
1:15 of 2nd period - Jamie Benn wins face-off versus Elias Lindholm in Stars zone.
1:22 of 2nd period - Wrist shot by Jamie Benn.
1:22 of 2nd period - Stopped by Linus Ullmark with a rebound.
1:35 of 2nd period - Minor Penalty to Mark Giordano for Roughing.
1:36 of 2nd period - Jordan Staal wins face-off versus Elias Lindholm in Stars zone.
2:07 of 2nd period - Slapshot by Justin Faulk.
2:07 of 2nd period - Stopped by Philipp Grubauer without a rebound.
2:08 of 2nd period - Nick Bonino wins face-off versus Max Domi in Stars zone.
2:08 of 2nd period - Nick Bonino is hit by Vladislav Gavrikov.
2:38 of 2nd period - Nick Bjugstad is hit by Ryan Nugent-Hopkins and loses puck.
3:35 of 2nd period - Penalty to Mark Giordano is over, Mark Giordano is back on ice.
3:37 of 2nd period - Matt Duchene is hit by Nick Bonino and loses puck.
4:41 of 2nd period - Andrew Mangiapane is hit by Dmitry Kulikov and loses puck.
5:16 of 2nd period - Matthew Tkachuk is hit by Ryan Suter and loses puck.
6:40 of 2nd period - Icing by Ryan Suter.
6:41 of 2nd period - Elias Lindholm wins face-off versus Jordan Staal in Stars zone.
6:44 of 2nd period - Snap shot by Elias Lindholm.
6:44 of 2nd period - Goal by Elias Lindholm - Canadiens : 1 - Stars : 0.
6:45 of 2nd period - Elias Lindholm wins face-off versus Jamie Benn in neutral zone.
6:54 of 2nd period - Snap shot by Elias Lindholm.
6:54 of 2nd period - Shot Blocked by Kris Letang.
6:56 of 2nd period - Slapshot by Juuso Valimaki.
6:56 of 2nd period - Stopped by Philipp Grubauer without a rebound.
6:57 of 2nd period - Jordan Staal wins face-off versus Elias Lindholm in Stars zone.
6:57 of 2nd period - Jordan Staal is hit by Juuso Valimaki.
7:02 of 2nd period - Off-side.
7:03 of 2nd period - Elias Lindholm wins face-off versus Jordan Staal in neutral zone.
7:32 of 2nd period - Off-side.
7:33 of 2nd period - Jamie Benn wins face-off versus Matt Duchene in neutral zone.
7:58 of 2nd period - Dmitry Kulikov is hit by Matthew Tkachuk and loses puck.
8:09 of 2nd period - Wrist shot by Evgenii Dadonov.
8:09 of 2nd period - Stopped by Linus Ullmark without a rebound.
8:10 of 2nd period - Elias Lindholm wins face-off versus Jordan Staal in Canadiens zone.
8:45 of 2nd period - Off-side.
8:46 of 2nd period - Elias Lindholm wins face-off versus Jamie Benn in neutral zone.
9:01 of 2nd period - Wrist shot by Elias Lindholm.
9:01 of 2nd period - Stopped by Philipp Grubauer with a rebound.
9:40 of 2nd period - Snap shot by Nick Bjugstad.
9:40 of 2nd period - Stopped by Linus Ullmark with a rebound.
9:42 of 2nd period - Slapshot by Jaycob Megna.
9:42 of 2nd period - Shot Blocked by Justin Faulk.
10:19 of 2nd period - Shayne Gostisbehere is hit by K'Andre Miller and loses puck.
10:48 of 2nd period - Wrist shot by Calle Jarnkrok.
10:48 of 2nd period - Goal by Calle Jarnkrok - Canadiens : 1 - Stars : 1.
10:49 of 2nd period - Elias Lindholm wins face-off versus Jordan Staal in neutral zone.
10:52 of 2nd period - Slapshot by Vladislav Gavrikov.
10:52 of 2nd period - Stopped by Philipp Grubauer without a rebound.
10:53 of 2nd period - Jordan Staal wins face-off versus Elias Lindholm in Stars zone.
11:24 of 2nd period - Snap shot by Andrew Mangiapane.
11:24 of 2nd period - Shot Blocked by Calle Jarnkrok.
11:30 of 2nd period - Snap shot by Elias Lindholm.
11:30 of 2nd period - Shot Misses the Net.
11:32 of 2nd period - Slapshot by Max Domi.
11:32 of 2nd period - Deflect By Jordan Staal.
11:32 of 2nd period - Stopped by Philipp Grubauer with a rebound.
11:34 of 2nd period - Slapshot by K'Andre Miller.
11:34 of 2nd period - Stopped by Philipp Grubauer with a rebound.
11:48 of 2nd period - Snap shot by Elias Lindholm.
11:48 of 2nd period - Stopped by Philipp Grubauer without a rebound.
11:49 of 2nd period - Jamie Benn wins face-off versus Matt Duchene in Stars zone.
11:58 of 2nd period - Off-side.
11:59 of 2nd period - Matt Duchene wins face-off versus Jamie Benn in neutral zone.
12:04 of 2nd period - Wrist shot by Matthew Tkachuk.
12:04 of 2nd period - Stopped by Philipp Grubauer with a rebound.
12:39 of 2nd period - Minor Penalty to Juuso Valimaki for Holding.
12:40 of 2nd period - Nick Bjugstad wins face-off versus Ryan Nugent-Hopkins in Canadiens zone.
13:16 of 2nd period - Conor Sheary is hit by Vladislav Gavrikov.
13:51 of 2nd period - Icing by Joe Pavelski.
13:52 of 2nd period - Jordan Staal wins face-off versus Ryan Nugent-Hopkins in Stars zone.
14:39 of 2nd period - Penalty to Juuso Valimaki is over, Juuso Valimaki is back on ice.
14:41 of 2nd period - Icing by Conor Sheary.
14:42 of 2nd period - Jordan Staal wins face-off versus Elias Lindholm in Stars zone.
15:03 of 2nd period - Snap shot by Matthew Tkachuk.
15:03 of 2nd period - Stopped by Philipp Grubauer with a rebound.
15:27 of 2nd period - Snap shot by Nick Bjugstad.
15:27 of 2nd period - Stopped by Linus Ullmark without a rebound.
15:28 of 2nd period - Elias Lindholm wins face-off versus Jordan Staal in Canadiens zone.
16:40 of 2nd period - Icing by Mathew Barzal.
16:41 of 2nd period - Elias Lindholm wins face-off versus Jordan Staal in Canadiens zone.
16:47 of 2nd period - Off-side.
16:48 of 2nd period - Jamie Benn wins face-off versus Elias Lindholm in neutral zone.
16:51 of 2nd period - Wrist shot by Shayne Gostisbehere.
16:51 of 2nd period - Stopped by Linus Ullmark with a rebound.
16:53 of 2nd period - Slapshot by Kris Letang.
16:53 of 2nd period - Shot Blocked by Justin Faulk.
16:55 of 2nd period - Wrist shot by Jamie Benn.
16:55 of 2nd period - Shot Misses the Net.
16:57 of 2nd period - Snap shot by Joe Pavelski.
16:57 of 2nd period - Shot Misses the Net.
16:59 of 2nd period - Slapshot by Kris Letang.
16:59 of 2nd period - Stopped by Linus Ullmark with a rebound.
17:19 of 2nd period - Dmitry Kulikov is hit by Juuso Valimaki and loses puck.
17:25 of 2nd period - Off-side.
17:26 of 2nd period - Jamie Benn wins face-off versus Matt Duchene in neutral zone.
17:31 of 2nd period - Minor Penalty to Jamie Benn for Hooking.
17:32 of 2nd period - Jordan Staal wins face-off versus Elias Lindholm in Stars zone.
17:47 of 2nd period - Snap shot by Ryan Nugent-Hopkins.
17:47 of 2nd period - Deflect By Elias Lindholm.
17:47 of 2nd period - Deflect By Dmitry Kulikov.
17:47 of 2nd period - Shot Misses the Net.
17:47 of 2nd period - Puck is out of play.
17:48 of 2nd period - Jordan Martinook wins face-off versus Elias Lindholm in Stars zone.
19:31 of 2nd period - Penalty to Jamie Benn is over, Jamie Benn is back on ice.
Goals for this period are 1 for Canadiens vs 1 for Stars.
Shots for this period are 10 for Canadiens vs 7 for Stars.

3rd period


0:01 of 3rd period - Jordan Staal wins face-off versus Elias Lindholm in neutral zone.
0:04 of 3rd period - Wrist shot by Kris Letang.
0:04 of 3rd period - Shot Blocked by Juuso Valimaki.
0:49 of 3rd period - Icing by Jordan Martinook.
0:50 of 3rd period - Jordan Martinook wins face-off versus Mathew Barzal in Stars zone.
0:50 of 3rd period - Jordan Martinook is hit by Blake Coleman.
1:04 of 3rd period - Snap shot by Mathew Barzal.
1:04 of 3rd period - Shot Misses the Net.
1:06 of 3rd period - Slapshot by K'Andre Miller.
1:06 of 3rd period - Shot Blocked by Joel Armia.
1:08 of 3rd period - Wrist shot by Blake Coleman.
1:08 of 3rd period - Stopped by Philipp Grubauer with a rebound.
1:50 of 3rd period - Wrist shot by Mathew Barzal.
1:50 of 3rd period - Shot Misses the Net.
1:52 of 3rd period - Slapshot by Vladislav Gavrikov.
1:52 of 3rd period - Deflect By Jordan Martinook.
1:52 of 3rd period - Stopped by Philipp Grubauer with a rebound.
1:54 of 3rd period - Slapshot by K'Andre Miller.
1:54 of 3rd period - Stopped by Philipp Grubauer without a rebound.
1:55 of 3rd period - Jordan Staal wins face-off versus Elias Lindholm in Stars zone.
2:34 of 3rd period - Off-side.
2:35 of 3rd period - Jamie Benn wins face-off versus Max Domi in neutral zone.
2:38 of 3rd period - Slapshot by Dmitry Kulikov.
2:38 of 3rd period - Shot Misses the Net.
2:40 of 3rd period - Slapshot by Jaycob Megna.
2:40 of 3rd period - Stopped by Linus Ullmark with a rebound.
2:42 of 3rd period - Slapshot by Dmitry Kulikov.
2:42 of 3rd period - Deflect By Justin Faulk.
2:42 of 3rd period - Stopped by Linus Ullmark without a rebound.
2:43 of 3rd period - Jamie Benn wins face-off versus Elias Lindholm in Canadiens zone.
3:04 of 3rd period - Wrist shot by Joe Pavelski.
3:04 of 3rd period - Shot Misses the Net.
3:06 of 3rd period - Slapshot by Jaycob Megna.
3:06 of 3rd period - Stopped by Linus Ullmark with a rebound.
3:08 of 3rd period - Wrist shot by Jamie Benn.
3:08 of 3rd period - Stopped by Linus Ullmark with a rebound.
3:20 of 3rd period - Snap shot by Evgenii Dadonov.
3:20 of 3rd period - Deflect By Jamie Benn.
3:20 of 3rd period - Stopped by Linus Ullmark without a rebound.
3:21 of 3rd period - Matt Duchene wins face-off versus Jordan Staal in Canadiens zone.
3:23 of 3rd period - Minor Penalty to Matthew Tkachuk for Cross-checking.
3:24 of 3rd period - Jamie Benn wins face-off versus Ryan Nugent-Hopkins in Canadiens zone.
5:23 of 3rd period - Penalty to Matthew Tkachuk is over, Matthew Tkachuk is back on ice.
5:25 of 3rd period - Snap shot by Andrew Mangiapane.
5:25 of 3rd period - Shot Misses the Net.
5:31 of 3rd period - Nick Bonino is hit by Brandon Hagel and loses puck.
5:52 of 3rd period - Vladislav Gavrikov is hit by Jaycob Megna and loses puck.
6:47 of 3rd period - Slapshot by Mathew Barzal.
6:47 of 3rd period - Shot Blocked by Jordan Staal.
9:03 of 3rd period - Matias Maccelli is hit by Jamie Benn and loses puck.
9:14 of 3rd period - Joel Armia is hit by Ryan Nugent-Hopkins.
9:46 of 3rd period - Matt Duchene is hit by Shayne Gostisbehere and loses puck.
10:07 of 3rd period - Jamie Benn is hit by Noel Acciari and loses puck.
10:15 of 3rd period - Icing by Kris Letang.
10:16 of 3rd period - Elias Lindholm wins face-off versus Jamie Benn in Stars zone.
11:04 of 3rd period - Kris Letang is hit by Juuso Valimaki and loses puck.
11:13 of 3rd period - Wrist shot by Joel Armia.
11:13 of 3rd period - Deflect By Matt Duchene.
11:13 of 3rd period - Shot Misses the Net.
11:13 of 3rd period - Puck is out of play.
11:14 of 3rd period - Nick Bjugstad wins face-off versus Elias Lindholm in Canadiens zone.
11:21 of 3rd period - Ryan Suter is hit by Andrew Mangiapane and loses puck.
11:30 of 3rd period - Snap shot by Max Domi.
11:30 of 3rd period - Stopped by Philipp Grubauer without a rebound.
11:31 of 3rd period - Jordan Staal wins face-off versus Matt Duchene in Stars zone.
11:36 of 3rd period - Snap shot by Matthew Tkachuk.
11:36 of 3rd period - Stopped by Philipp Grubauer without a rebound.
11:37 of 3rd period - Matt Duchene wins face-off versus Jordan Staal in Stars zone.
11:37 of 3rd period - Matt Duchene is hit by Mark Giordano.
12:00 of 3rd period - Minor Penalty to Jordan Staal for Goalie Interference.
12:01 of 3rd period - Elias Lindholm wins face-off versus Jamie Benn in Stars zone.
12:28 of 3rd period - Justin Faulk is hit by Jordan Martinook and loses puck.
14:00 of 3rd period - Penalty to Jordan Staal is over, Jordan Staal is back on ice.
15:03 of 3rd period - Slapshot by Evgenii Dadonov.
15:03 of 3rd period - Stopped by Linus Ullmark with a rebound.
15:41 of 3rd period - Conor Sheary is hit by Vladislav Gavrikov and loses puck.
15:50 of 3rd period - Vladislav Gavrikov is hit by Conor Sheary.
19:57 of 3rd period - Joe Pavelski is hit by Ryan Nugent-Hopkins and loses puck.
Goals for this period are 0 for Canadiens vs 0 for Stars.
Shots for this period are 5 for Canadiens vs 6 for Stars.

Overtime #1


0:01 of 1st overtime period - Nick Bonino wins face-off versus Elias Lindholm in neutral zone.
0:06 of 1st overtime period - Snap shot by Calle Jarnkrok.
0:06 of 1st overtime period - Stopped by Linus Ullmark with a rebound.
0:16 of 1st overtime period - Snap shot by Elias Lindholm.
0:16 of 1st overtime period - Goal by Elias Lindholm - Canadiens : 2 - Stars : 1.
Goals for this period are 1 for Canadiens vs 0 for Stars.
Shots for this period are 1 for Canadiens vs 1 for Stars.